AoeStats
← Bbing

MegaRandom

509357681Analyzed
3v3 RM · 7d ago on Sep 26, 2026· 45m 24s· 6 players
Game mode
Random Map
Map size
Normal (6 player)
Population
200
Speed
Normal
Resources
Standard
Victory
Conquest
Starting age
Dark Age
Ending age
Imperial Age
RankedLock teamsTeams togetherTeam positionsShared explorationLock speedFull tech treeHidden civsTurbo modeCheats
Victory
Defeat
🇪🇸 Sicilians · Spain
993
+17
🇨🇳 Slavs · China
968
+18
🇨🇳 Malians · China
955
+19
🇦🇺 Mongols · Australia
1073
-21
🇺🇸 Celts · United States
1016
-18
🇺🇸 Persians · United States
949
-44
redchochorus
3:24 Loom
11:42 Feudal Age
11:51 Feudal Age
12:39 Gold Mining
12:48 Double-Bit Axe
15:19 Wheelbarrow
17:15 Castle Age
15:43 Stone Mining
15:35 Horse Collar
18:30 Bow Saw
19:15 Stone Shaft Mining
23:23 First Crusade
23:21 Heavy Plow
24:16 Forging
24:28 Murder Holes
25:37 Hand Cart
26:48 Iron Casting
26:14 Scale Mail Armor
31:08 Imperial Age
29:07 Fletching
29:31 Masonry
29:42 Ballistics
31:56 Arrowslits
32:44 Crop Rotation
32:09 Town Watch
34:15 Hoardings
34:33 Hoardings
34:23 Elite Serjeant
34:29 Capped Ram
36:30 Blast Furnace
35:46 Chain Mail Armor
35:30 Bodkin Arrow
36:21 Hoardings
37:29 Capped Ram
38:57 Bracer
39:28 Plate Mail Armor
40:35 Squires
40:22 Arson
40:24 Gambesons
41:40 Siege Engineers
44:10 Siege Ram
Bbing
0:33 Loom
10:31 Feudal Age
19:39 Castle Age
18:08 Double-Bit Axe
18:05 Horse Collar
21:01 Wheelbarrow
21:06 Town Watch
24:21 Bow Saw
27:24 Imperial Age
25:30 Gold Mining
25:30 Stone Mining
26:39 Husbandry
26:50 Bloodlines
28:48 Bloodlines
29:21 Town Patrol
29:34 Heavy Plow
30:58 Crop Rotation
31:40 Conscription
30:44 Cavalier
34:10 Hand Cart
33:56 Town Patrol
34:57 Town Patrol
37:32 Forging
37:27 Scale Barding Armor
37:32 Forging
37:27 Scale Barding Armor
38:12 Scale Barding Armor
39:30 Iron Casting
39:41 Gold Shaft Mining
38:57 Stone Mining
40:39 Chain Barding Armor
41:59 Farimba
拾分
0:37 Loom
13:08 Feudal Age
14:43 Double-Bit Axe
16:32 Stone Mining
16:24 Horse Collar
19:06 Castle Age
20:13 Gold Mining
22:00 Detinets
23:13 Forging
23:09 Scale Barding Armor
23:16 Bloodlines
23:09 Husbandry
23:51 Gold Shaft Mining
23:54 Bow Saw
27:06 Heavy Plow
29:46 Imperial Age
28:37 Wheelbarrow
27:48 Town Watch
29:08 Iron Casting
28:55 Chain Barding Armor
28:26 Fletching
30:25 Hand Cart
30:09 Fletching
30:11 Elite Boyar
31:15 Conscription
31:42 Crop Rotation
32:29 Blast Furnace
32:14 Bodkin Arrow
32:57 Plate Barding Armor
34:45 Hoardings
37:47 Scale Mail Armor
38:43 Masonry
38:28 Murder Holes
39:34 Chemistry
38:55 Ballistics
OniDrag0n
7:03 Loom
10:58 Feudal Age
12:10 Wheelbarrow
11:21 Town Watch
13:40 Horse Collar
13:47 Double-Bit Axe
17:46 Bloodlines
20:10 Castle Age
20:35 Crossbowman
21:20 Thumb Ring
21:10 Fletching
22:27 Bow Saw
22:22 Heavy Plow
22:19 Bodkin Arrow
25:13 Hand Cart
26:41 Husbandry
28:11 Ballistics
27:48 Murder Holes
31:19 Padded Archer Armor
31:31 Masonry
32:07 Kamandaran
35:03 Leather Archer Armor
38:48 Imperial Age
41:35 Imperial Age
41:30 Cavalier
Nosjir
11:23 Feudal Age
16:11 Castle Age
22:53 Horse Collar
23:50 Forging
23:40 Scale Mail Armor
24:11 Gold Mining
24:11 Stone Mining
28:01 Imperial Age
27:48 Iron Casting
28:29 Capped Ram
29:46 Double-Bit Axe
29:38 Onager
31:44 Furor Celtica
31:35 Pikeman
34:01 Halberdier
36:54 Chain Mail Armor
40:38 Blast Furnace
40:32 Heavy Plow
45:18 Plate Mail Armor
MasterEel
9:41 Feudal Age
11:27 Double-Bit Axe
14:18 Castle Age
12:25 Horse Collar
14:46 Gold Mining
17:26 Stone Mining
20:48 Bow Saw
23:13 Wheelbarrow
24:31 Hand Cart
24:20 Fletching
27:14 Imperial Age
24:57 Heavy Plow
25:54 Loom
25:55 Town Watch
26:08 Bodkin Arrow
26:37 Town Patrol
27:30 Padded Archer Armor
28:38 Bracer
28:00 Elite Mangudai
29:01 Conscription
30:02 Chemistry
29:45 Ballistics
30:27 Siege Engineers
32:58 Masonry
34:11 Leather Archer Armor
34:01 Husbandry
34:11 Bloodlines
33:24 Heavy Camel Rider
34:52 Hoardings
35:05 Thumb Ring
35:41 Forging
35:37 Scale Barding Armor
37:15 Iron Casting
37:21 Onager
39:19 Drill
38:29 Siege Onager
40:36 Blast Furnace
39:57 Chain Barding Armor
40:14 Parthian Tactics
41:40 Light Cavalry
Connection lost

Rejoining the realm…

Still unreachable

The connection could not be restored.

Session expired

The server has moved on; the page needs a fresh start.